 Dungeon Crawl Stone Soup version 0.31-a0-836-g3ceb0a68c4 (webtiles) character file.

Game seed: 5447820714811159887

1554 donath the Covert (level 8, -6/39 HPs)
             Began as a Spriggan Warper on Sept 27, 2023.
             Mangled by an orc warrior
             ... wielding a +0 trident
              (13 damage)
             ... on level 7 of the Dungeon.
             The game lasted 00:57:24 (6941 turns).

donath the Covert (Spriggan Warper)                 Turns: 6941, Time: 00:57:25

Health: -6/39      AC:  3    Str:  7    XL:     8   Next: 57%
Magic:  13/13      EV: 17    Int: 17    God:
Gold:   386        SH:  4    Dex: 14    Spells: 7/12 levels left

rFire   . . .        a - +2 dagger (venom)
rCold   . . .        v - +0 buckler
rNeg    . . .        B - +0 robe
rPois   .            (helmet restricted)
rElec   .            f - +0 cloak
rCorr   .            (gloves unavailable)
SInv    +            (boots unavailable)
Will    +....        (no amulet)
Stlth   ++++         (no ring)
HPRegen 0.26/turn    (no ring)
MPRegen 0.13/turn

%: no passive effects
@: very quick
A: very small, no large weapons, unfitting armour, see invisible, speed 3
a: no special abilities


You were on level 7 of the Dungeon.
You visited 1 branch of the dungeon, and saw 7 of its levels.

You collected 386 gold pieces.

Inventory:

Hand Weapons
 a - a +2 dagger of venom (weapon)
 b - a +0 sling
 r - a +0 spear of venom
Missiles
 d - 7 darts of dispersal
 e - 42 stones (quivered)
 l - 11 boomerangs
 o - a throwing net
 x - 6 poisoned darts
Armour
 f - a +0 cloak (worn)
 v - a +0 buckler (worn)
 B - a +0 robe (worn)
 C - an orb of energy
 G - a scarf of repulsion
Magical Staves
 g - a staff of death
Talismans
 D - a maw talisman
Wands
 A - a wand of charming (8)
 E - a wand of polymorph (6)
 J - a wand of quicksilver (12)
Scrolls
 c - a scroll of blinking
 h - a scroll of immolation
 i - 2 scrolls of fog {unknown}
 j - 2 scrolls of teleportation {unknown}
 m - a scroll of enchant weapon {unknown}
 n - a scroll of identify
 t - 2 scrolls of poison
 u - a scroll of acquirement {unknown}
 w - a scroll of noise {unknown}
 y - 2 scrolls of fear {unknown}
 H - a scroll of torment {unknown}
 I - a scroll of amnesia {unknown}
 K - a scroll of revelation {unknown}
Potions
 k - 2 potions of enlightenment
 p - 2 potions of ambrosia
 q - 3 potions of curing
 z - 4 potions of haste
 F - 2 potions of attraction


   Skills:
 - Level 2.0 Fighting
 - Level 6.0 Short Blades
 + Level 5.3 Ranged Weapons
 - Level 1.0 Throwing
 - Level 4.0 Dodging
 - Level 10.0 Stealth
 - Level 1.0 Shields
 - Level 2.6 Spellcasting
 * Level 5.3 Translocations
 * Level 2.2 Shapeshifting


You had 7 spell levels left.
You knew the following spells:

 Your Spells              Type           Power      Damage    Failure   Level
b - Blink                 Tloc           40%        N/A       4%          2
t - Teleport Other        Tloc           20%        N/A       10%         3

Your spell library contained the following spells:

 Spells                   Type           Power      Damage    Failure   Level
 Lesser Beckoning         Tloc           40%        N/A       4%          2
 Shock                    Conj/Air       8%         1d3       30%         1
 Manifold Assault         Tloc           20%        N/A       32%         4
 Hailstorm                Conj/Ice       2%         3d3       65%         3
 Swiftness                Air            2%         N/A       65%         3
 Vhi's Electric Charge    Tloc/Air       22%        N/A       69%         4
 Airstrike                Air            1%         2d(1-17)  96%         4
 Summon Ice Beast         Ice/Summ       2%         N/A       96%         4
 Simulacrum               Ice/Necr       1%         N/A       100%        6


Dungeon Overview and Level Annotations

Branches:
Dungeon (7/15)
 Temple: D:4-7

Altars:
Makhleb
Nemelex Xobeh
Wu Jian

Shops:
D:5 (

Annotations:
D:3 2 transporters, 1 runed translucent door, Crazy Yiuf
D:6 Dowan, Duvessa, Grinder


Innate Abilities, Weirdness & Mutations

You are very small and have problems with some larger weapons.
You are too small for most types of armour.
You have supernaturally acute eyesight. (SInv)
You cover ground extremely quickly. (Speed+++)


Message History

The orc is lightly wounded.
You kill the orc!
The orc misses you.
You hit the orc.
The orc is severely wounded.
You hit the orc but do no damage.
The orc looks even sicker.
The orc is severely wounded.
The orc barely misses you. The bullfrog barely misses you.
You hit the bullfrog.
The bullfrog is poisoned.
The bullfrog is moderately wounded.
You kill the orc!
The bullfrog hits you but does no damage.
You closely miss the orc.
The bullfrog hits you but does no damage.
The orc priest hits you with a +0 mace. You block the orc warrior's attack.
The orc closely misses you.
You hit the orc priest.
The orc priest is moderately wounded.
The bullfrog misses you. The bullfrog closely misses you.
The orc priest closely misses you.
The orc warrior hits you from afar with a +0 trident.
The orc hits you but does no damage.
You hit the orc priest.
The orc priest is heavily wounded.
The bullfrog hits you.
You hit the orc priest.
The orc priest is poisoned.
The orc priest is heavily wounded.
The orc warrior barely misses you. The orc priest hits you with a +0 mace!
The orc misses you.
The bullfrog hits you but does no damage.
You hit the orc priest but do no damage.
The orc priest is severely wounded.
The bullfrog hits you. The orc priest hits you with a +0 mace.
The orc warrior hits you from afar with a +0 trident!
* * * LOW HITPOINT WARNING * * *
You block the orc's attack.
Unknown command.
The bullfrog misses you. The orc priest barely misses you.
The orc warrior hits you from afar with a +0 trident!
You die...

.##.( .. .....
..##.. .....#
##......
#....##.........
##.....<.........
#.. ............
....##..##......
#...@F....## ##.
.##...oo^....##...
.........o..........
........##..........
....................
....................
....................
....................
...........##......#


You could see an orc warrior, a bullfrog (very poisoned), an orc priest
(poisoned) and an orc.

Vanquished Creatures
  A water moccasin (D:5)
  A black bear (D:4)
  A sky beast (D:6)
  An ogre (D:4)
  2 centaurs
  2 phantoms (D:4)
  A gnoll sergeant (D:6)
  3 scorpions
  A howler monkey (D:5)
  5 hounds
  A jelly (D:5)
  A sleepcap (D:4)
  4 iguanas
  Ijyb (D:5)
  3 gnolls (D:6)
  12 adders
  A shadow imp (D:7)
  A white imp (D:6)
  An ufetubus (D:4)
  6 worms
  2 dart slugs
  13 orcs
  7 ball pythons
  5 bats
  5 endoplasms
  4 giant cockroaches
  5 goblins
  4 hobgoblins
  8 kobolds
  3 quokkas
  A frilled lizard (D:2)
  7 rats
113 creatures vanquished.

Notes
Turn   | Place    | Note
-------+----------+-------------------------------------------
     0 | D:1      | donath the Spriggan Warper began the quest for the Orb.
     0 | D:1      | Reached XP level 1. HP: 10/10 MP: 5/5
    67 | D:1      | Reached skill level 1 in Stealth
   199 | D:1      | You fall into a shaft and drop 1 floor!
   242 | D:2      | Reached skill level 2 in Stealth
   242 | D:2      | Reached XP level 2. HP: 15/15 MP: 6/6
   346 | D:1      | Found a faded altar of an unknown god.
   888 | D:2      | Reached skill level 3 in Stealth
   888 | D:2      | Reached XP level 3. HP: 16/18 MP: 8/8
   979 | D:2      | Reached skill level 4 in Stealth
  1127 | D:1      | Reached XP level 4. HP: 16/23 MP: 9/9
  1452 | D:3      | Found a transporter.
  1460 | D:3      | Learned a level 2 spell: Blink
  1543 | D:3      | Found a runed translucent door.
  1544 | D:3      | Noticed Crazy Yiuf
  1609 | D:3      | Identified the +1 leather armour of Analysis {Will+}
  1621 | D:3      | Found a transporter.
  1643 | D:3      | Reached skill level 5 in Stealth
  1986 | D:4      | Noticed a black bear
  2024 | D:4      | Noticed an ogre
  2027 | D:4      | Killed an ogre
  2028 | D:4      | Reached skill level 6 in Stealth
  2028 | D:4      | Reached XP level 5. HP: 26/26 MP: 10/10
  2062 | D:4      | Found an ornate altar of the Wu Jian Council.
  2643 | D:4      | Reached skill level 7 in Stealth
  2643 | D:4      | Reached XP level 6. HP: 30/30 MP: 11/11
  2909 | D:4      | Reached skill level 1 in Shields
  2938 | D:4      | Reached skill level 1 in Ranged Weapons
  3022 | D:5      | Entered Level 5 of the Dungeon
  3158 | D:5      | Found Jiemopeq's Hydra Hut.
  3162 | D:5      | Noticed a five-headed hydra
  3168 | D:5      | Noticed a water moccasin
  3407 | D:5      | Reached skill level 5 in Short Blades
  3441 | D:5      | Reached XP level 7. HP: 35/35 MP: 12/12
  3517 | D:5      | Found a sparkling altar of Nemelex Xobeh.
  3644 | D:5      | Reached skill level 8 in Stealth
  3812 | D:5      | Noticed Ijyb
  3814 | D:5      | Killed Ijyb
  4721 | D:4      | Reached skill level 9 in Stealth
  4721 | D:4      | Reached XP level 8. HP: 39/39 MP: 13/13
  5243 | D:6      | Learned a level 3 spell: Teleport Other
  5677 | D:6      | Noticed Duvessa
  5765 | D:6      | Found a burning altar of Makhleb.
  6142 | D:6      | Reached skill level 1 in Shapeshifting
  6199 | D:6      | Noticed Grinder
  6283 | D:6      | Reached skill level 5 in Translocations
  6590 | D:5      | Reached skill level 5 in Ranged Weapons
  6633 | D:6      | Noticed Dowan
  6899 | D:6      | Reached skill level 10 in Stealth
  6941 | D:7      | Mangled by an orc warrior

Illustrated notes

Levels and vault maps discovered:
D:1:      psy_arrival_whirlpool, layout_basic,
          shapermc_ecumenical_altar_totnotflames
D:2:      layout_rooms
D:3:      gammafunk_steamed_eel, layout_rooms, uniq_crazy_yiuf_cottage
D:4:      layout_basic, mainiacjoe_overflow_24_doors
D:5:      layout_loops_ring, nemelex_xobeh_ov_fountains_minmay,
          doesnt_shop_hydraphobe, uniq_ijyb
D:6:      layout_cave_pods, lemuel_doored_altar, minmay_temple_entry_fiery,
          lightli_corner_chamber, uniq_grinder, uniq_duvessa
D:7:      layout_cave_pools, nicolae_ru_great_annihilating_truth,
          mainiacjoe_overflow_concentric_impassable

Skill      XL: |  1  2  3  4  5  6  7  8 |
---------------+-------------------------+-----
Stealth        | 2 3 4 6 7 9 10 | 10.0
Short Blades   | 3 4 5 6 |  6.0
Shields        | 1 |  1.0
Ranged Weapons | 2 4 5 |  5.3
Fighting       | 2 |  2.0
Dodging        | 4 |  4.0
Shapeshifting  | 2 |  2.2
Translocations | 5 |  5.3
Throwing       | |  1.0
Spellcasting   | |  2.6

Action                     |  1- 3 |  4- 6 |  7- 9 || total
---------------------------+-------+-------+-------++-------
  Melee: Short sword       |    25 |       |       ||    25
         Dagger            |    66 |   107 |   125 ||   298
   Fire: Sling             |       |    72 |   134 ||   206
  Throw: Stone             |     4 |    10 |     5 ||    19
         Dart              |       |     3 |       ||     3
   Cast: Blink             |       |     2 |     1 ||     3
  Evoke: Wand              |       |       |     1 ||     1
    Use: Scroll            |       |       |     6 ||     6
         Potion            |       |       |     4 ||     4
   Stab: Distracted        |     1 |       |       ||     1
         Sleeping          |     5 |    14 |     8 ||    27
 Armour: Robe              |    25 |    31 |    51 ||   107
  Dodge: Dodged            |    65 |    56 |    84 ||   205
  Block: Buckler           |       |    16 |    17 ||    33

Table legend: (Time is in decaauts)
 A = Elapsed time spent in this place.
 B = Non-inter-level travel time spent in this place.
 C = Inter-level travel time spent in this place.
 D = Time resting spent in this place.
 E = Time spent auto-exploring this place.
 F = Levels seen in this place.
 G = Mean time per level.
                   A        B        C        D        E       F      G
               +--------+--------+--------+--------+--------+-----+--------+
         Total |   4656 |   4547 |    109 |     64 |   1549 |   7 |  665.1 |
       Dungeon |   4656 |   4547 |    109 |     64 |   1549 |   7 |  665.1 |
               +--------+--------+--------+--------+--------+-----+--------+

Top non-repeatable levels by time:
     D:4: 1377 daAuts
     D:5: 987 daAuts
     D:6: 919 daAuts
     D:1: 556 daAuts
     D:3: 402 daAuts
     D:2: 355 daAuts
     D:7: 58 daAuts
